 Dungeon Crawl Stone Soup version 0.29.1-2-gbd0b4ee654 (webtiles) character file.

Game seed: 13631799628481515209

159 sanboga the Cudgeller (level 5, 0/42 HPs)
             Began as a Demonspawn Berserker on Nov 29, 2022.
             Was a Believer of Trog.
             Slain by an orc
             ... wielding a +0 flail
              (2 damage)
             ... on level 4 of the Dungeon.
             The game lasted 00:03:40 (3038 turns).

sanboga the Cudgeller (Demonspawn Berserker)        Turns: 3038, Time: 00:03:40

Health: 0/42       AC:  9    Str: 19    XL:     5   Next: 17%
Magic:  5/5        EV:  8    Int:  8    God:    Trog [**....]
Gold:   176        SH:  0    Dex: 13    Spells: 4/4 levels left

rFire   . . .      SeeInvis .   a - +0 mace
rCold   . . .      Faith    .   (no shield)
rNeg    . . .      Spirit   .   f - +0 chain mail
rPois   .          Reflect  .   (no helmet)
rElec   .          Harm     .   (no cloak)
rCorr   .          Rampage  .   (no gloves)
Will    .....                   (no boots)
Stlth   ..........              (no amulet)
HPRegen 0.14/turn               (no ring)
MPRegen 0.09/turn               (no ring)

@: brilliant, attractive
A: hooves 2, powered by pain 1
a: Renounce Religion, Berserk, Trog's Hand


You were on level 4 of the Dungeon.
You worshipped Trog.
Trog was pleased with you.
You visited 1 branch of the dungeon, and saw 4 of its levels.

You collected 176 gold pieces.

Inventory:

Hand Weapons
 a - a +0 mace (weapon)
Armour
 f - a +0 chain mail (worn)
Wands
 k - a wand of acid (7)
Scrolls
 c - 3 scrolls of teleportation {unknown}
 d - a scroll of torment {unknown}
 g - a scroll of blinking {unknown}
 h - 2 scrolls of enchant armour {unknown}
 l - 2 scrolls of fog {unknown}
 o - a scroll of enchant weapon {unknown}
 p - a scroll of fear {unknown}
Potions
 i - a potion of cancellation
 m - a potion of attraction


   Skills:
 + Level 3.9 Fighting
 * Level 4.2 Maces & Flails
 + Level 2.8 Armour
 - Level 1.7 Dodging


You had 4 spell levels left.
You didn't know any spells.
Your spell library was empty.

Dungeon Overview and Level Annotations

Branches:
Dungeon (4/15)             Temple (0/1) D:4

Altars:
Fedhas
Hepliaklqana


Innate Abilities, Weirdness & Mutations

You have hoof-like feet.
You sometimes gain a little power by taking damage.


Message History

The orc hits you but does no damage. x2
The orc wizard hits you with a +0 dagger.
You are too injured to fight recklessly!
You are too injured to fight recklessly!
You are too injured to fight recklessly!
You are too injured to fight recklessly!
You are too injured to fight recklessly!
You are too injured to fight recklessly!
You hit the orc wizard but do no damage.
The orc wizard is heavily wounded.
The orc barely misses you.
The orc wizard hits you but does no damage.
The orc closely misses you.
You hit the orc wizard.
The orc wizard is severely wounded.
The orc hits you with a +0 flail.
* * * LOW HITPOINT WARNING * * *
The orc wizard barely misses you.
The orc hits you from afar with a +0 trident.
* * * LOW HITPOINT WARNING * * *
You hit the orc wizard. You kick the orc wizard.
You kill the orc wizard!
Trog accepts your kill.
Trog appreciates your killing of a magic user.
The orc hits you from afar with a +0 trident.
* * * LOW HITPOINT WARNING * * *
The orc hits you with a +0 flail.
* * * LOW HITPOINT WARNING * * *
You have reached level 5!
It was a potion of attraction.
You feel attractive to monsters. The orc closely misses you.
The orc hits you but does no damage. The orc is attracted toward you.
It was a potion of brilliance.
You feel clever all of a sudden. The orc closely misses you. x2
You hit the orc. Your kick misses the orc.
The orc is heavily wounded.
The orc hits you but does no damage. The orc hits you with a +0 flail.
You die...

*##**#
*..,.###*********
**.##...,,,,,,,,,,
######,....#***********
#.....,....# ###**
#.....#....# #..,*
#....)o...^#*###.#,*
#...§o@#**,,,,...#+##
#..>...#########....#
#.....#....#........###
#......................
#.............)........
#....!<..#.........†...
#......#)#.............
#......#.#######....###
#.$......# #....# #


You could see 2 orcs.

Vanquished Creatures
  An iguana (D:4)
  An orc wizard (D:4)
  6 adders
  3 dart slugs
  2 orcs (D:3)
  4 ball pythons
  6 endoplasms
  A giant cockroach (D:2)
  5 goblins
  2 hobgoblins (D:1)
  2 jackals (D:1)
  2 quokkas
  6 bats
  4 kobolds
  2 rats
47 creatures vanquished.

Vanquished Creatures (others)
  7 plants
7 creatures vanquished.

Grand Total: 54 creatures vanquished

Notes
Turn   | Place    | Note
-------+----------+-------------------------------------------
     0 | D:1      | sanboga the Demonspawn Berserker began the quest for the
                  | Orb.
     0 | D:1      | Reached XP level 1. HP: 18/18 MP: 1/1
   269 | D:1      | Reached skill level 3 in Maces & Flails
   269 | D:1      | Gained mutation: You sometimes gain a little power by
                  | taking damage. [demonic ancestry]
   269 | D:1      | Reached XP level 2. HP: 24/24 MP: 2/2
  1065 | D:2      | Gained mutation: You have large cloven feet. [demonic
                  | ancestry]
  1065 | D:2      | Reached XP level 3. HP: 24/29 MP: 3/3
  2078 | D:3      | Found a blossoming altar of Fedhas.
  2094 | D:3      | Gained mutation: You have hoof-like feet. [demonic
                  | ancestry]
  2094 | D:3      | Reached XP level 4. HP: 32/35 MP: 4/4
  2144 | D:3      | Found a hazy altar of Hepliaklqana.
  2247 | D:3      | Reached ** piety under Trog
  2931 | D:4      | Reached skill level 4 in Maces & Flails
  3035 | D:4      | HP: 1/37 [orc/+0 flail (6)]
  3036 | D:4      | Reached XP level 5. HP: 1/42 MP: 5/5
  3038 | D:4      | Slain by an orc

Illustrated notes

Levels and vault maps discovered:
D:1:      kilobyte_arrival_exit_the_forest, layout_basic, minmay_door_square,
          minmay_tall_x
D:2:      layout_basic, hex_intersection, serial_bayou_lagoon_b
D:3:      layout_loops_ring, mainiacjoe_overflow_24_doors,
          nicolae_hepliaklqana_hazy_memory
D:4:      layout_basic, minmay_temple_entry_crystal_x, kennysheep_dice

Skill      XL: |  1  2  3  4 |
---------------+-------------+-----
Maces & Flails | 3 4 |  4.2
Armour         | 2 |  2.8
Fighting       | |  3.9
Dodging        | |  1.7

Action                   |  1- 3 |  4- 6 || total
-------------------------+-------+-------++-------
Melee: Mace              |    96 |    54 ||   150
       Kick              |     9 |    10 ||    19
       Punch             |       |     1 ||     1
  Use: Scroll            |       |     5 ||     5
       Potion            |       |     2 ||     2
Armor: Chain mail        |    78 |    42 ||   120
Dodge: Dodged            |    47 |    27 ||    74
